 Dungeon Sprint DCSS version 0.20.0-15-g7f486f2 (webtiles) character file.

21177 Snowbourne the Ninja (level 12, -11/51 HPs)
             Began as a Spriggan Enchanter on June 28, 2017.
             Was the Champion of Dithmenos.
             Mangled by Tiamat
             ... wielding a +1 bardiche of freezing
              (62 damage)
             ... in the Dungeon (Sprint I: "Red Sonja").
             The game lasted 00:14:32 (2202 turns).

Snowbourne the Ninja (Spriggan Enchanter)           Turns: 2202, Time: 00:14:32

Health: -11/51     AC:  5    Str:  4    XL:     12   Next: 51%
Magic:  12/17      EV: 33    Int: 17    God:    Dithmenos [******]
Gold:   453        SH:  0    Dex: 21    Spells: 4/16 levels left

rFire    . . .     SeeInvis +   a - +1 dagger
rCold    . . .     Gourm    .   (shield restricted)
rNeg     . . .     Faith    .   m - +0 robe
rPois    .         Spirit   .   (helmet restricted)
rElec    .         Reflect  .   o - +2 cloak
rCorr    .         Harm     .   (gloves unavailable)
MR       ++...     NoTele   +   (boots unavailable)
Stlth    ++++++++++             (no amulet)
Regen    0.2/turn               x - ring of flight
MPRegen  0.2/turn               (no ring)

@: flying, wreathed by umbra, very quick
A: unfitting armour, see invisible, herbivore 3, speed 3, slow metabolism 2
a: Shadow Step, Shadow Form, Renounce Religion, Stop Flying


You were in the Dungeon.
You worshipped Dithmenos.
Dithmenos was exalted by your worship.
You were not hungry.

You visited 1 branch You collected 1375 gold pieces.
You spent 890 gold pieces at shops.
You donated 32 gold pieces to Zin.

Inventory:

Hand Weapons
 a - a +1 dagger (weapon)
 b - a +3 blowgun
 u - a +0 blowgun
Missiles
 k - 5 needles of sleeping
 l - 9 curare-tipped needles
 q - a throwing net (quivered)
 s - 4 needles of paralysis
Armour
 m - a +0 robe (worn)
 n - a +1 cloak
 o - a +2 cloak (worn)
Jewellery
 x - a ring of flight (left hand)
Wands
 i - a wand of polymorph (18/24)
 v - a wand of paralysis (8/24)
 w - a wand of digging (8/24)
Scrolls
 j - a scroll of blinking
 p - a scroll of magic mapping {unknown}
 r - 2 scrolls of identify {unknown}
Potions
 e - 3 potions of curing
 f - 3 potions of heal wounds
 g - a potion of haste
 h - 2 potions of magic
 z - a potion of flight {unknown}
 A - a potion of agility {unknown}
Books
 c - a book of Maledictions

   Spells                             Type                      Level
   a - Corona                         Hexes                        1
   b - Ensorcelled Hibernation        Hexes/Ice                    2
   c - Confuse                        Hexes                        3
   d - Tukima's Dance                 Hexes                        3
   e - Dazzling Spray                 Conjuration/Hexes            3
Miscellaneous
 t - a crystal ball of energy
Comestibles
 d - 4 bread rations


   Skills:
 + Level 11.9 Short Blades
 + Level 15.0 Dodging
 O Level 27 Stealth
 - Level 2.6 Spellcasting
 + Level 22.8 Hexes


You had 4 spell levels left.
You knew the following spells:

 Your Spells              Type           Power        Failure   Level  Hunger
a - Corona                Hex            ######.      0%          1    #......
b - Ensorcelled Hibernat  Hex/Ice        #####.       1%          2    ##.....
c - Confuse               Hex            ######..     0%          3    ###....
d - Dazzling Spray        Conj/Hex       #####.       1%          3    ###....
e - Tukima's Dance        Hex            ######..     0%          3    ###....


Dungeon Overview and Level Annotations

Branches:
Dungeon (1/1)

Altars:
Cheibriados
Dithmenos
Elyvilon
Fedhas
Gozag
Hepliaklqana
Kikubaaqudgha
Makhleb
Nemelex Xobeh
Okawaru
Qazlal
Ru
Sif Muna
Trog
Uskayaw
Vehumet
Xom
Yredelemnul
Zin
The Shining One
Jiyva
Lugonu

Shops:
D %[=([**?}![!*}?:=[![[

Annotations:
D Tiamat


Innate Abilities, Weirdness & Mutations

You are very small and have problems with some larger weapons.
You are too small for most types of armour.
You have supernaturally acute eyesight. (SInv)
You are a herbivore.
You cover ground extremely quickly.
You need consume almost no food.


Message History

Press: ? - help, Shift-Dir - straight line The damaged grate falls apart.
This wand has 8 charges left.
You feel very buoyant.
You fly up into the air.
You feel somewhat more hungry.
Tiamat, Avatar of the Dragonlord comes into view.
She is wielding a bardiche of freezing.
Really fly into a travel-excluded area?
You see here the Orb of Zot.
Press: ? - help, v - describe, . - travel
Here: Tiamat, wielding a bardiche of freezing and wearing an opalescent scaly cloak (resting, umbra)
The floor.
Aiming: Shadow Step
Press: ? - help, Dir - move target cursor, f - Tiamat
Aim: Tiamat, wielding a bardiche of freezing and wearing an opalescent scaly cloak (resting, umbra)
You step into Tiamat's shadow.
The helpless Tiamat fails to defend herself.
You skewer Tiamat like a kebab!!!!!
Tiamat is heavily wounded.
Tiamat hits you with a bardiche of freezing!!!
Ouch! That really hurt!
You die...

...§§§.§#§##### #....#
.....§§#§§#...#####...####
....§.§####.)...)...#
.....≈≈##%[.....#####
...≈≈≈###."..).## ≈≈≈≈###
#(.)..## ####'####.$...#
#####∩∩####.#######
∩∩∩∩∩∩###≈≈≈≈≈≈≈@d#
####### ###.#######
#..0..'.... ###########


You could see Tiamat.

Vanquished Creatures
  4 fire giants (D)
  A hydra (D)
  2 centaur warriors (D)
  Sonja (D)
  A deep troll (D)
  7 unseen horrors (D)
  A lindwurm (D)
  An oklob plant (D)
  8 shining eyes (D)
  2 kobold demonologists (D)
  4 demonic crawlers (D)
  A hornet (D)
  A slime creature (D)
  Sigmund (D)
  A yak (D)
  2 redbacks (D)
  13 hogs (D)
  7 floating eyes (D)
  7 necrophages (D)
  An ogre (D)
  8 jellies (D)
  Ijyb (D)
  3 ballistomycetes (D)
  A ballistomycete spore (D)
79 creatures vanquished.

Vanquished Creatures (others)
  A gargoyle (D)
  3 hornets (D)
  A ballistomycete spore (D)
5 creatures vanquished.

Grand Total: 84 creatures vanquished

Notes
Turn   | Place    | Note
-------+----------+-------------------------------------------
     0 | D        | Snowbourne the Spriggan Enchanter began the quest for the Orb.
     0 | D        | Reached XP level 1. HP: 9/9 MP: 5/5
     2 | D        | Noticed Ijyb
    11 | D        | Killed Ijyb
    11 | D        | Reached skill level 7 in Stealth
    11 | D        | Reached XP level 2. HP: 13/13 MP: 6/6
    93 | D        | Learned a level 2 spell: Ensorcelled Hibernation
    94 | D        | Noticed an ogre
    96 | D        | Killed an ogre
    96 | D        | Reached skill level 10 in Stealth
    96 | D        | Reached XP level 3. HP: 16/16 MP: 8/8
    96 | D        | Reached XP level 4. HP: 21/21 MP: 9/9
   108 | D        | Noticed Sigmund
   111 | D        | Killed Sigmund
   111 | D        | Reached skill level 13 in Stealth
   111 | D        | Reached skill level 10 in Hexes
   111 | D        | Reached XP level 5. HP: 16/24 MP: 7/10
   118 | D        | Learned a level 3 spell: Confuse
   122 | D        | Learned a level 3 spell: Dazzling Spray
   212 | D        | Found a deep blue altar of Sif Muna.
   214 | D        | Found a radiant altar of Vehumet.
   218 | D        | Reached skill level 14 in Stealth
   218 | D        | Reached XP level 6. HP: 28/28 MP: 11/11
   243 | D        | Found Isunuoc's Weapon Emporium.
   243 | D        | Found an ancient bone altar of Kikubaaqudgha.
   243 | D        | Found a hazy altar of Hepliaklqana.
   243 | D        | Found a hide-covered altar of Uskayaw.
   243 | D        | Found a basalt altar of Yredelemnul.
   243 | D        | Found an opulent altar of Gozag.
   243 | D        | Found a snail-covered altar of Cheibriados.
   243 | D        | Found a sacrificial altar of Ru.
   243 | D        | Found a shadowy altar of Dithmenos.
   243 | D        | Noticed a yak
   244 | D        | Found a stormy altar of Qazlal.
   244 | D        | Found a blossoming altar of Fedhas.
   244 | D        | Found a bloodstained altar of Trog.
   244 | D        | Found an iron altar of Okawaru.
   244 | D        | Found a glowing golden altar of the Shining One.
   244 | D        | Found a glowing silver altar of Zin.
   244 | D        | Found a white marble altar of Elyvilon.
   245 | D        | Killed a yak
   245 | D        | Reached skill level 15 in Stealth
   246 | D        | Found a sparkling altar of Nemelex Xobeh.
   252 | D        | Became a worshipper of Zin the Law-Giver
   252 | D        | Reached * piety under Zin
   252 | D        | Reached ** piety under Zin
   252 | D        | Reached *** piety under Zin
   252 | D        | Reached **** piety under Zin
   252 | D        | Reached ***** piety under Zin
   252 | D        | Reached ****** piety under Zin
   257 | D        | Bought 5 needles of sleeping for 27 gold pieces
   263 | D        | Noticed Sonja
   267 | D        | Killed Sonja
   267 | D        | Reached skill level 18 in Stealth
   267 | D        | Reached XP level 7. HP: 32/32 MP: 12/12
   267 | D        | Reached XP level 8. HP: 36/36 MP: 13/13
   283 | D        | Found Uzead's Food Boutique.
   293 | D        | Noticed a shining eye
   293 | D        | Noticed a shining eye
   293 | D        | Noticed a shining eye
   293 | D        | Noticed a shining eye
   293 | D        | Noticed a shining eye
   293 | D        | Noticed a shining eye
   295 | D        | Paralysed by a floating eye for 3 turns
   299 | D        | Noticed a shining eye
   299 | D        | Noticed a shining eye
   316 | D        | Reached skill level 15 in Hexes
   318 | D        | Reached skill level 19 in Stealth
   322 | D        | Killed a shining eye
   322 | D        | Reached skill level 20 in Stealth
   330 | D        | Killed a shining eye
   330 | D        | Reached XP level 9. HP: 39/39 MP: 7/14
   371 | D        | Killed a shining eye
   371 | D        | Reached skill level 21 in Stealth
   404 | D        | Killed a shining eye
   421 | D        | Killed a shining eye
   421 | D        | Reached skill level 22 in Stealth
   455 | D        | Killed a shining eye
   522 | D        | Killed a shining eye
   583 | D        | Killed a shining eye
   583 | D        | Reached skill level 23 in Stealth
   583 | D        | Reached XP level 10. HP: 44/44 MP: 15/15
   588 | D        | Found Nyliq's Antique Armour Shop.
   588 | D        | Found Qeguorph's Antique Armour Shoppe.
   588 | D        | Found Joibleni's Assorted Antiques.
   588 | D        | Found Rebiul's Jewellery Emporium.
   593 | D        | Bought a glowing cloak for 225 gold pieces
   637 | D        | Fell from the grace of Zin
   637 | D        | Became a worshipper of Dithmenos the Shadowed
   654 | D        | Learned a level 3 spell: Tukima's Dance
   767 | D        | Noticed a deep troll
   771 | D        | Killed a deep troll
   781 | D        | Found Fiem's Armour Emporium.
   814 | D        | Found a burning altar of Makhleb.
   814 | D        | Found a viscous altar of Jiyva.
   814 | D        | Found a shimmering altar of Xom.
   814 | D        | Found a corrupted altar of Lugonu.
   840 | D        | Reached * piety under Dithmenos
   844 | D        | Reached skill level 24 in Stealth
   873 | D        | Noticed a centaur warrior
   873 | D        | Noticed a centaur warrior
   875 | D        | Killed a centaur warrior
   875 | D        | Reached ** piety under Dithmenos
   876 | D        | Killed a centaur warrior
   887 | D        | Reached skill level 25 in Stealth
   899 | D        | Noticed an oklob plant
   901 | D        | Killed an oklob plant
   907 | D        | Reached *** piety under Dithmenos
   933 | D        | Noticed an unseen horror
   935 | D        | Noticed an unseen horror
   939 | D        | Killed an unseen horror
   939 | D        | Reached skill level 5 in Dodging
   939 | D        | Reached XP level 11. HP: 47/47 MP: 13/16
   943 | D        | Killed an unseen horror
   943 | D        | Reached **** piety under Dithmenos
  1003 | D        | Reached ***** piety under Dithmenos
  1033 | D        | Reached skill level 5 in Short Blades
  1100 | D        | Reached ****** piety under Dithmenos
  1139 | D        | Found Gucaf's Magic Scroll Shoppe.
  1139 | D        | Found Ninia's General Store.
  1139 | D        | Found Athroar's Gadget Boutique.
  1141 | D        | Found Kicy's Distillery.
  1141 | D        | Found Byuleed's Armour Shop.
  1141 | D        | Found Atamess's Distillery.
  1141 | D        | Found Menoan's General Store.
  1141 | D        | Found Ohirroape's Gadget Emporium.
  1141 | D        | Found Rayh's Magic Scroll Shop.
  1141 | D        | Found Ypnie's Book Shoppe.
  1145 | D        | Found Caegyu's Jewellery Boutique.
  1146 | D        | Found Roluassigg's Distillery.
  1146 | D        | Found Zereng's Antique Armour Boutique.
  1147 | D        | Found Toeduq's Antique Armour Emporium.
  1149 | D        | Bought a wand of paralysis (12/24) for 168 gold pieces
  1152 | D        | Bought a wand of digging (9/24) for 260 gold pieces
  1258 | D        | Bought an uncursed ring of flight for 210 gold pieces
  1437 | D        | Noticed a lindwurm
  1440 | D        | Killed a lindwurm
  1440 | D        | Reached skill level 26 in Stealth
  1731 | D        | Reached skill level 10 in Dodging
  1866 | D        | Noticed a 12-headed hydra
  1868 | D        | Killed a 12-headed hydra
  1882 | D        | Noticed a daeva
  1886 | D        | Noticed an unseen horror
  1886 | D        | Noticed an unseen horror
  1886 | D        | Noticed an unseen horror
  1886 | D        | Noticed an unseen horror
  1888 | D        | Killed an unseen horror
  1889 | D        | Noticed an unseen horror
  1890 | D        | Killed an unseen horror
  1891 | D        | Killed an unseen horror
  1893 | D        | Killed an unseen horror
  1893 | D        | Reached XP level 12. HP: 40/51 MP: 17/17
  1895 | D        | Reached skill level 27 in Stealth
  2125 | D        | Noticed a fire giant
  2126 | D        | Noticed a fire giant
  2126 | D        | Noticed a fire giant
  2126 | D        | Noticed a fire giant
  2127 | D        | Killed a fire giant
  2127 | D        | Reached skill level 10 in Short Blades
  2129 | D        | Killed a fire giant
  2130 | D        | Killed a fire giant
  2132 | D        | Killed a fire giant
  2132 | D        | Reached skill level 15 in Dodging
  2196 | D        | Noticed Tiamat
  2202 | D        | Mangled by Tiamat

Skill      XL: |  1  2  3  4  5  6  7  8  9 10 11 12 |
---------------+-------------------------------------+-----
Stealth        | 7 10 13 14 18 20 23 25 26 27 | 27.0
Hexes          | 6 8 10 11 14 16 18 20 21 22 | 22.8
Short Blades   | 3 9 11 | 11.9
Dodging        | 5 12 15 | 15.0
Spellcasting   | |  2.6

Action                   |  1- 3 |  4- 6 |  7- 9 | 10-12 || total
-------------------------+-------+-------+-------+-------++-------
Melee: Dagger            |     8 |     4 |   234 |   140 ||   386
 Fire: Blowgun           |       |       |     9 |     8 ||    17
 Cast: Ensorcelled Hiber |       |     1 |     3 |    20 ||    24
       Dazzling Spray    |       |       |     1 |     1 ||     2
       Confuse           |       |       |     4 |     8 ||    12
Invok: Recite            |       |       |     5 |       ||     5
       Shadow Step       |       |       |       |     3 ||     3
 Abil: Evoke Flight      |       |       |       |     1 ||     1
Evoke: Wand              |       |       |       |     5 ||     5
  Use: Potion            |     1 |       |       |       ||     1
 Stab: Sleeping          |     2 |     4 |     5 |    51 ||    62
       Invisible         |       |       |     2 |       ||     2
       Confused          |       |       |     1 |     5 ||     6
       Distracted        |       |       |       |     1 ||     1
  Eat: Royal jelly       |       |       |       |     2 ||     2
Armor: Robe              |       |       |       |     2 ||     2
Dodge: Dodged            |     4 |       |       |    52 ||    56
